 Dungeon Crawl Stone Soup version 0.17-a0-1678-g710b578 (console) character file.

34 Monkaria the Skirmisher (level 3, -9/18 HPs)
             Began as a Felid Chaos Knight on Aug 19, 2015.
             Mangled by a warg (17 damage)
             ... on level 2 of the Dungeon.
             The game lasted 00:01:07 (1148 turns).

Monkaria the Skirmisher (Felid Chaos Knight)        Turns: 1148, Time: 00:01:08

Health: -9/18      AC:  1    Str:  9    XL:     3   Next: 14%
Magic:  4/4        EV: 18    Int: 16    God:    Xom [......]
Gold:   107        SH:  0    Dex: 15    Spells: 0 memorised, 2 levels left
                                        Lives:  0   Deaths: 0

rFire  . . .     SeeInvis +       - Unarmed
rCold  . . .     Clarity  .     (armour unavailable)
rNeg   . . .     SustAt   .     (shield unavailable)
rPois  .         Gourm    .     (helmet unavailable)
rElec  .         Spirit   .     (cloak unavailable)
rCorr  .         Warding  .     (gloves unavailable)
rMut   .         Stasis   .     (boots unavailable)
MR     .....                    (no amulet)
Stlth  ++........               (no ring)
                                d - +3 ring of intelligence

@: quick, not resistant to hostile enchantments, unstealthy
A: no armour, no weapons or thrown items, claws 1, fangs 3, see invisible,
carnivore 3, speed 1, shaggy fur 1, slow metabolism 1, sharp paws
a: Renounce Religion


You were on level 2 of the Dungeon.
You worshipped Xom.
You were a very special plaything of Xom.
You were very full.

You visited 1 branch of the dungeon, and saw 2 of its levels.

You collected 107 gold pieces.

Inventory:

Jewellery
 d - a +3 ring of intelligence (left paw)
Scrolls
 b - 3 scrolls of remove curse {unknown}
 c - a scroll of blinking {unknown}
 e - a scroll of amnesia {unknown}
 g - a scroll of identify {unknown}
Potions
 f - a potion of haste {unknown}
Comestibles
 a - 2 meat rations


   Skills:
 - Level 4.0 Fighting
 + Level 3.8 Dodging
 - Level 3.0 Unarmed Combat


You had 2 spell levels left.
You didn't know any spells.

Dungeon Overview and Level Annotations

Branches:
Dungeon (2/15)

Altars:
Cheibriados


Innate Abilities, Weirdness & Mutations

You cannot wear armour.
You are incapable of wielding weapons or throwing items.
You have sharp claws.
You have razor-sharp teeth.
You have supernaturally acute eyesight.
You are carnivorous and can eat meat at any time.
You cover ground quickly.
You are covered in fur (AC +1).
You have a slow metabolism.
Your sharp claws are effective at attacking unaware monsters.


Message History

The worm evaporates and reforms as a warg!
You are now a plaything of Xom.
The warg completely misses you.
You scratch the warg. Your bite misses the warg.
The warg is lightly wounded.
Xom momentarily opens a gate.
You are now a very special plaything of Xom.
The warg closely misses you.
You closely miss the warg.
The warg is lightly wounded.
The warg misses you.
Your quasit barely misses the warg.
Your quasit barely misses the warg.
Your quasit closely misses the warg.
The warg completely misses you.
You barely miss the warg.
The warg is lightly wounded.
Your quasit bites the warg but does no damage.
Your quasit claws the warg but does no damage.
Your quasit barely misses the warg.
The warg bites you!
Ouch! That really hurt!
You die...

.....'.##.#.. .# ..
.....####.#......##.....
.......##.#.............
........#.#.......#.....
........++###+#.........
........................
##.........(....5.......
######.........5h5.....
#.........@)......
#.................
#.................
#.................
#.................
##################


You could see a warg, a friendly iron imp and 2 friendly quasits.

Vanquished Creatures
  2 ball pythons
  4 goblins (D:1)
  3 hobgoblins (D:1)
  3 jackals (D:1)
  7 bats
  2 giant cockroaches (D:1)
  A giant gecko (D:1)
  4 giant newts (D:1)
  5 kobolds
  A rat (D:2)
32 creatures vanquished.

Vanquished Creatures (others)
  4 toadstools (D:1)
4 creatures vanquished.

Grand Total: 36 creatures vanquished

Notes
Turn   | Place    | Note
--------------------------------------------------------------
     0 | D:1      | Monkaria the Felid Chaos Knight began the quest for the Orb.
     0 | D:1      | Reached XP level 1. HP: 10/10 MP: 2/2
   113 | D:1      | Reached XP level 2. HP: 11/14 MP: 3/3
   417 | D:1      | XOM: silly message
   440 | D:1      | Reached skill level 4 in Fighting
   765 | D:1      | Found a snail-covered altar of Cheibriados.
   878 | D:1      | Reached XP level 3. HP: 18/18 MP: 4/4
  1059 | D:1      | XOM: divination: detect creatures
  1145 | D:2      | XOM is BORED!
  1145 | D:2      | Noticed a warg
  1145 | D:2      | a worm changed into a warg
  1145 | D:2      | XOM: polymorph worm -> warg
  1146 | D:2      | XOM: summons 3 friendly demons
  1148 | D:2      | Mangled by a warg

Vault maps used:
D:1:      ldierk_walled_garden_2, st_stairs_8, minmay_misc_feat_iff,
          minivault_5, cheibriados_altar_1
D:2:      uniq_jessica

Action                   || total
-------------------------++-------
Melee: Unarmed           ||    99
 Stab: Sleeping          ||     4
  Eat: Chunk             ||     7
